[Event "EYCC Girls-U16 2019"]
[Site "Bratislava"]
[Date "2019.08.08"]
[Round "7.11"]
[White "Marcinczyk, Monika"]
[Black "Yedigaryan, Asya"]
[Result "0-1"]
[ECO "B13"]
[WhiteElo "1960"]
[BlackElo "1583"]
[Annotator "NA"]
[PlyCount "98"]
[EventDate "2019.08.02"]
[EventType "swiss"]
[EventCountry "SVK"]
[SourceTitle "playchess.com"]
[Source "ChessBase"]
[SourceQuality "1"]
[TimeControl "40/5400+30:1800+30"]

1. e4 c6 2. d4 d5 3. exd5 cxd5 4. Bd3 Nc6 5. c3 Qc7 6. Ne2 Bg4 7. O-O e6 8. Qe1 Be7 9. Bf4 Qb6 10. b3 Nf6 11. Ng3 Nh5 12. Nxh5 Bxh5 13. Nd2 O-O 14. Qe3 Bg6 15. Bxg6 hxg6 16. Nf3 Rac8 17. h4 Ba3 18. Rab1 Be7 19. c4 Qd8 20. c5 Bxh4 21. g4 Be7 22. b4 Qd7 23. b5 Nd8 24. Ne5 Qe8 25. Kg2 f6 26. Nd3 g5 27. Bh2 Qg6 28. Rbe1 Qe8 29. a4 a6 30. Rb1 axb5 31. axb5 Qd7 32. Qh3 Nf7 33. f4 g6 34. Rfe1 Kg7 35. Nf2 gxf4 36. Bxf4 e5 37. dxe5 fxe5 38. Bxe5+ Nxe5 39. Rxe5 Bf6 40. Re2 Rxc5 41. Rh1 Kg8 42. Re6 Rc3 43. Nd3 Rc2+ 44. Nf2 Rxf2+ 45. Kxf2 Bh4+ 46. Kg1 Qxe6 47. Qxh4 Qe3+ 48. Kg2 Qe2+ 49. Kg3 Rf3# 0-1

[Event "EYCC Girls-U16 2019"]
[Site "Bratislava"]
[Date "2019.08.08"]
[Round "7.12"]
[White "Donghvani, Nia"]
[Black "Kuzich, Aryna"]
[Result "1-0"]
[ECO "A34"]
[WhiteElo "1864"]
[BlackElo "1940"]
[Annotator "NA"]
[PlyCount "67"]
[EventDate "2019.08.02"]
[EventType "swiss"]
[EventCountry "SVK"]
[SourceTitle "playchess.com"]
[Source "ChessBase"]
[SourceQuality "1"]
[TimeControl "40/5400+30:1800+30"]

1. c4 c5 2. Nc3 Nf6 3. g3 e6 4. Nf3 Nc6 5. Bg2 Be7 6. O-O O-O 7. a3 a6 8. d4 d5 9. cxd5 exd5 10. dxc5 Bxc5 11. b4 Be7 12. Bb2 Be6 13. e3 Rc8 14. Rc1 b5 15. Ne2 Qb6 16. Nf4 a5 17. Nxe6 fxe6 18. Bh3 Kh8 19. Bxe6 Rc7 20. bxa5 Nxa5 21. Rxc7 Qxc7 22. Bxf6 Bxf6 23. Qxd5 Rb8 24. Ng5 Bxg5 25. Qxg5 Nc4 26. Rd1 Ne5 27. Qf4 Re8 28. Bh3 Qc2 29. Rf1 Nc4 30. Bd7 Rd8 31. Qc7 Rf8 32. Bxb5 Nxe3 33. Qe7 Rb8 34. Qxe3 1-0

[Event "EYCC Girls-U16 2019"]
[Site "Bratislava"]
[Date "2019.08.08"]
[Round "7.13"]
[White "Ozbek, Busra"]
[Black "Bulatova, Kamaliya"]
[Result "0-1"]
[ECO "A46"]
[WhiteElo "1866"]
[BlackElo "2157"]
[Annotator "NA"]
[PlyCount "68"]
[EventDate "2019.08.02"]
[EventType "swiss"]
[EventCountry "SVK"]
[SourceTitle "playchess.com"]
[Source "ChessBase"]
[SourceQuality "1"]
[TimeControl "40/5400+30:1800+30"]

1. d4 Nf6 2. Nf3 e6 3. e3 b6 4. Bd3 Bb7 5. b3 d5 6. Bb2 Bd6 7. O-O O-O 8. c4 Nbd7 9. Nc3 a6 10. Rc1 Qe7 11. Re1 Ne4 12. Qc2 f5 13. Ne2 Ndf6 14. h3 g5 15. Ne5 g4 16. Nf4 gxh3 17. Nxh3 Qg7 18. cxd5 Nxd5 19. f3 Nb4 20. Qd1 Bxe5 21. dxe5 Rad8 22. Nf4 Nxd3 23. Nxd3 Nc5 24. Rc3 Nxd3 25. Rxd3 Bxf3 26. Qxf3 Rxd3 27. Bd4 Rd2 28. b4 Rc2 29. a4 c5 30. bxc5 bxc5 31. Qc6 Kh8 32. Rb1 Rg8 33. Bxc5 Rxg2+ 34. Kf1 Rg1+ 0-1

[Event "EYCC Girls-U16 2019"]
[Site "Bratislava"]
[Date "2019.08.08"]
[Round "7.14"]
[White "Srdanovic, Jovana"]
[Black "Esadze, Tamari"]
[Result "1-0"]
[ECO "D56"]
[WhiteElo "1975"]
[BlackElo "1997"]
[Annotator "NA"]
[PlyCount "155"]
[EventDate "2019.08.02"]
[EventType "swiss"]
[EventCountry "SVK"]
[SourceTitle "playchess.com"]
[Source "ChessBase"]
[SourceQuality "1"]
[TimeControl "40/5400+30:1800+30"]

1. d4 d5 2. c4 e6 3. Nc3 Nf6 4. Bg5 Be7 5. e3 O-O 6. Nf3 h6 7. Bh4 Nbd7 8. Rc1 c6 9. Bd3 dxc4 10. Bxc4 Nd5 11. Bxe7 Qxe7 12. O-O N7f6 13. Bd3 Rd8 14. Na4 Nd7 15. Bb1 f5 16. Nc5 N5f6 17. Qb3 Nxc5 18. Rxc5 Rd5 19. Rcc1 a5 20. a4 Qe8 21. Qc2 Ne4 22. Ba2 Rd8 23. Ne5 Kh8 24. Rfd1 Nf6 25. Nd3 Nd5 26. Bb3 Qh5 27. Re1 Rf8 28. Qd2 Nf6 29. Bd1 Qe8 30. f3 Kg8 31. Ne5 Nd7 32. Nc4 Qd8 33. Bb3 Nf6 34. Ne5 Kh7 35. Qd3 Nd7 36. Nxd7 Bxd7 37. e4 Qf6 38. Rc2 Rfe8 39. Rc5 b6 40. Rc2 Rad8 41. Qc3 Re7 42. Rce2 Rde8 43. Qd3 g6 44. Qe3 f4 45. e5 Qf7 46. Qe4 Rf8 47. Rc1 Ree8 48. Qb1 Rc8 49. Rd2 Rfd8 50. Qe4 Be8 51. Rcd1 Kg7 52. g3 fxg3 53. hxg3 Bd7 54. Kg2 Rh8 55. Rh1 Rcf8 56. Bc2 Bc8 57. Qe3 Bb7 58. Be4 Rc8 59. Rc2 Qd7 60. Qb3 b5 61. Qd3 Rhd8 62. Qd2 g5 63. Rd1 b4 64. Rc5 Ra8 65. Kf2 Qe8 66. Rh1 Qe7 67. Rhc1 Rd7 68. Bxc6 Bxc6 69. Rxc6 Rad8 70. R1c4 Qf7 71. Qd3 Qh5 72. Kg2 g4 73. f4 Re8 74. Kg1 Qh3 75. Rc2 Red8 76. Rxe6 Rxd4 77. Rc7+ Kf8 78. Qf5+ 1-0

[Event "EYCC Girls-U16 2019"]
[Site "Bratislava"]
[Date "2019.08.08"]
[Round "7.15"]
[White "Kvendseth, Thyra"]
[Black "Pecorini, Angie"]
[Result "1/2-1/2"]
[ECO "E62"]
[WhiteElo "1977"]
[BlackElo "1781"]
[Annotator "NA"]
[PlyCount "80"]
[EventDate "2019.08.02"]
[EventType "swiss"]
[EventCountry "SVK"]
[SourceTitle "playchess.com"]
[Source "ChessBase"]
[SourceQuality "1"]
[TimeControl "40/5400+30:1800+30"]

1. d4 Nf6 2. Nf3 g6 3. g3 Bg7 4. Bg2 O-O 5. c4 d6 6. O-O c6 7. Nc3 Qa5 8. Qd2 e5 9. e4 Be6 10. d5 cxd5 11. cxd5 Bd7 12. Rb1 Rc8 13. b4 Qc7 14. Bb2 Qc4 15. a3 Nxe4 16. Nxe4 Qxe4 17. Nxe5 Qc2 18. Nf3 Qxd2 19. Nxd2 Bb5 20. Rfc1 Rxc1+ 21. Bxc1 Nd7 22. Bf1 Ba4 23. Nb3 Nb6 24. Bg2 Nc4 25. Na5 Bc2 26. Nxc4 Re8 27. Be3 Bxb1 28. Nxd6 Rb8 29. Bf4 f6 30. Bh3 g5 31. Be6+ Kf8 32. Be3 b6 33. Nb5 a6 34. Nc7 Bd3 35. d6 h6 36. a4 f5 37. a5 Be5 38. axb6 Bxd6 39. Bc5 Ke7 40. f3 Rxb6 1/2-1/2

[Event "EYCC Girls-U16 2019"]
[Site "Bratislava"]
[Date "2019.08.08"]
[Round "7.16"]
[White "Kaygisiz, Ilayda"]
[Black "Khachatryan, Veronika"]
[Result "0-1"]
[ECO "B31"]
[WhiteElo "1775"]
[BlackElo "1870"]
[Annotator "NA"]
[PlyCount "76"]
[EventDate "2019.08.02"]
[EventType "swiss"]
[EventCountry "SVK"]
[SourceTitle "playchess.com"]
[Source "ChessBase"]
[SourceQuality "1"]
[TimeControl "40/5400+30:1800+30"]

1. e4 c5 2. Nf3 Nc6 3. Bb5 g6 4. Bxc6 dxc6 5. d3 Bg7 6. h3 Nf6 7. Nc3 Nd7 8. Be3 e5 9. Qd2 h6 10. O-O Qe7 11. Nh2 Nf8 12. Ne2 g5 13. Ng3 Ng6 14. Qc3 Bf8 15. Nf5 Bxf5 16. exf5 Nf4 17. Bxf4 gxf4 18. f6 Qe6 19. Rfe1 Bd6 20. Ng4 O-O-O 21. Nxe5 Rhg8 22. Ng4 Qd5 23. Qc4 Qg5 24. Qe4 h5 25. Nh2 Rg6 26. Re2 Rdg8 27. f3 Rxf6 28. Qh7 Rg7 29. Qh8+ Kc7 30. Rae1 Re6 31. Nf1 Qg6 32. Nd2 Be5 33. Qa8 Bd4+ 34. Kh1 Bf2 35. g4 Bxe1 36. Nc4 Rxe2 37. Qxa7 hxg4 38. Nb6 Rg8 0-1

[Event "EYCC Girls-U16 2019"]
[Site "Bratislava"]
[Date "2019.08.08"]
[Round "7.17"]
[White "Warnaar, Alisha"]
[Black "Koksa, Jelena"]
[Result "1/2-1/2"]
[ECO "C64"]
[WhiteElo "1886"]
[BlackElo "1781"]
[Annotator "NA"]
[PlyCount "77"]
[EventDate "2019.08.02"]
[EventType "swiss"]
[EventCountry "SVK"]
[SourceTitle "playchess.com"]
[Source "ChessBase"]
[SourceQuality "1"]
[TimeControl "40/5400+30:1800+30"]

1. e4 e5 2. Nf3 Nc6 3. Bb5 Bc5 4. c3 Nf6 5. d4 exd4 6. e5 Nd5 7. O-O O-O 8. cxd4 Be7 9. Qb3 a6 10. Qxd5 Nb4 11. Qb3 axb5 12. Bd2 Na6 13. Qxb5 d6 14. exd6 Qxd6 15. h3 c6 16. Qe5 f6 17. Qxd6 Bxd6 18. Nc3 Bf5 19. a3 Nc7 20. Rfe1 Rfe8 21. Rxe8+ Rxe8 22. Re1 Rxe1+ 23. Nxe1 Kf7 24. Kf1 Ke6 25. Ke2 Nd5 26. Nd3 Nxc3+ 27. Bxc3 Kd5 28. g4 Bg6 29. Ne1 Kc4 30. Nf3 Kb3 31. Nd2+ Kc2 32. Ke3 b5 33. Ne4 Bxe4 34. Kxe4 Bxa3 35. bxa3 Kxc3 36. d5 cxd5+ 37. Kxd5 Kb3 38. Kc5 Ka4 39. Kc6 1/2-1/2

[Event "EYCC Girls-U16 2019"]
[Site "Bratislava"]
[Date "2019.08.08"]
[Round "7.18"]
[White "Dubovyk, Anastasiia"]
[Black "Diez, Ambre"]
[Result "1-0"]
[ECO "C88"]
[WhiteElo "1824"]
[BlackElo "1908"]
[Annotator "NA"]
[PlyCount "83"]
[EventDate "2019.08.02"]
[EventType "swiss"]
[EventCountry "SVK"]
[SourceTitle "playchess.com"]
[Source "ChessBase"]
[SourceQuality "1"]
[TimeControl "40/5400+30:1800+30"]

1. e4 e5 2. Nf3 Nc6 3. Bb5 a6 4. Ba4 Nf6 5. O-O Be7 6. Re1 b5 7. Bb3 O-O 8. h3 Bb7 9. d3 d6 10. c3 Na5 11. Bc2 c5 12. Nbd2 Re8 13. Nf1 h6 14. Ng3 Bf8 15. Nh2 d5 16. Qf3 dxe4 17. dxe4 Nc4 18. Nhf1 g6 19. b3 Nb6 20. h4 h5 21. Bg5 Bg7 22. Ne3 Qd6 23. Ngf5 gxf5 24. Nxf5 Qe6 25. Qg3 Nh7 26. Bh6 Qg6 27. Nxg7 Qxg3 28. fxg3 Red8 29. Nxh5 Nd7 30. Rf1 f6 31. Rf5 Rac8 32. g4 Kf7 33. Be3 Ke7 34. Raf1 Rf8 35. Bh6 Rg8 36. g5 Rc6 37. gxf6+ Nhxf6 38. Nxf6 Nxf6 39. Bg5 Rf8 40. h5 Bc8 41. R5f2 Bd7 42. h6 1-0

[Event "EYCC Girls-U16 2019"]
[Site "Bratislava"]
[Date "2019.08.08"]
[Round "7.19"]
[White "Bardorz, Jana"]
[Black "De Zoeten, Cato"]
[Result "1-0"]
[ECO "B93"]
[WhiteElo "1883"]
[BlackElo "1684"]
[Annotator "NA"]
[PlyCount "119"]
[EventDate "2019.08.02"]
[EventType "swiss"]
[EventCountry "SVK"]
[SourceTitle "playchess.com"]
[Source "ChessBase"]
[SourceQuality "1"]
[TimeControl "40/5400+30:1800+30"]

1. e4 c5 2. Nf3 d6 3. d4 cxd4 4. Nxd4 Nf6 5. Nc3 a6 6. f4 e5 7. Nf3 Nbd7 8. a4 Be7 9. Bc4 Qc7 10. Bb3 O-O 11. O-O Re8 12. Ng5 Rf8 13. Qf3 exf4 14. Bxf4 Ne5 15. Bxe5 dxe5 16. Kh1 h6 17. Nxf7 Rxf7 18. Nd5 Qc5 19. Nxf6+ Bxf6 20. Rad1 Qe7 21. Bxf7+ Kxf7 22. Qh5+ Kg8 23. Rd3 Be6 24. Rg3 Kh7 25. Qg6+ Kh8 26. Rgf3 Rf8 27. Qg3 Bd7 28. b3 Bc6 29. Qe1 Rd8 30. Rd3 Rd4 31. Rxd4 exd4 32. Rf4 Bg5 33. Rf1 Qxe4 34. Rf8+ Kh7 35. Qf2 Bf6 36. h3 Qe7 37. Qf5+ g6 38. Qxf6 Qxf6 39. Rxf6 Be4 40. Rf2 h5 41. a5 Kh6 42. h4 Kg7 43. Kg1 d3 44. cxd3 Bxd3 45. Rf4 g5 46. hxg5 Kg6 47. Rd4 Bf5 48. Rb4 Bc8 49. Kf2 Kxg5 50. g3 Kf6 51. Ke3 Ke5 52. Rb6 Kf5 53. b4 Kg5 54. Rd6 h4 55. gxh4+ Kxh4 56. Kd4 Kg5 57. Kc5 Bh3 58. Kb6 Bg2 59. Rd7 Kf5 60. Rxb7 1-0

[Event "EYCC Girls-U16 2019"]
[Site "Bratislava"]
[Date "2019.08.08"]
[Round "7.20"]
[White "Zarebska, Lena"]
[Black "Radikovic, Anamarija"]
[Result "1-0"]
[ECO "B90"]
[WhiteElo "1773"]
[BlackElo "2021"]
[Annotator "NA"]
[PlyCount "120"]
[EventDate "2019.08.02"]
[EventType "swiss"]
[EventCountry "SVK"]
[SourceTitle "playchess.com"]
[Source "ChessBase"]
[SourceQuality "1"]
[TimeControl "40/5400+30:1800+30"]

1. e4 c5 2. Nf3 d6 3. d4 cxd4 4. Nxd4 Nf6 5. Nc3 a6 6. Bc4 e6 7. O-O Qc7 8. Bb3 Nbd7 9. a4 Nc5 10. Qe2 Nxb3 11. cxb3 Be7 12. Be3 O-O 13. Rfc1 Qd8 14. a5 d5 15. e5 Nd7 16. f4 Bb4 17. Bf2 Re8 18. Ra4 Bxa5 19. b4 Bb6 20. Ncb5 Rb8 21. Nd6 Rf8 22. Qg4 f5 23. Qh5 g6 24. Qh6 Qe7 25. Ra3 Rd8 26. Rac3 Nf6 27. Nxc8 Rbxc8 28. exf6 Rxc3 29. bxc3 Qxf6 30. Qh4 Qf7 31. Kf1 Rc8 32. Nf3 Bc7 33. Bd4 Qd7 34. Qf6 Bxf4 35. Qh8+ Kf7 36. Qxh7+ Ke8 37. Qxg6+ Kf8 38. Qf6+ Ke8 39. Re1 Rc6 40. Ne5 Bxe5 41. Bxe5 Qf7 42. Qxf7+ Kxf7 43. Re3 b6 44. Rg3 a5 45. bxa5 bxa5 46. Rg7+ Kf8 47. Ra7 Rc4 48. Bd4 a4 49. g3 Kg8 50. h4 e5 51. Bxe5 Re4 52. Bd4 Rg4 53. Kf2 f4 54. gxf4 Rxh4 55. Kg3 Rh7 56. Rxh7 Kxh7 57. Bc5 Kg6 58. Kg4 Kf6 59. f5 Kf7 60. Kg5 Ke8 1-0

[Event "EYCC Girls-U16 2019"]
[Site "Bratislava"]
[Date "2019.08.08"]
[Round "7.21"]
[White "Vanduyfhuys, Daria"]
[Black "Moerwald, Magdalena"]
[Result "1-0"]
[ECO "E98"]
[WhiteElo "2114"]
[BlackElo "1869"]
[Annotator "NA"]
[PlyCount "127"]
[EventDate "2019.08.02"]
[EventType "swiss"]
[EventCountry "SVK"]
[SourceTitle "playchess.com"]
[Source "ChessBase"]
[SourceQuality "1"]
[TimeControl "40/5400+30:1800+30"]

1. d4 Nf6 2. c4 g6 3. Nc3 Bg7 4. e4 d6 5. Nf3 O-O 6. Be2 e5 7. O-O Nc6 8. d5 Ne7 9. Ne1 Nd7 10. Nd3 a6 11. Bd2 f5 12. f3 f4 13. b4 g5 14. c5 Qe8 15. cxd6 cxd6 16. Rc1 Qh5 17. Na4 Rf6 18. Nf2 b5 19. Nb2 Rg6 20. Rc7 Bf8 21. a4 Nf6 22. Ng4 Ne8 23. Rc1 Rg7 24. axb5 Qg6 25. h3 Bxg4 26. hxg4 h5 27. bxa6 hxg4 28. Kf2 Rh7 29. Rg1 Rh2 30. Ke1 Qh7 31. Bc3 Qh4+ 32. Kd2 Qf2 33. Qe1 Qe3+ 34. Kd1 Ng6 35. Nc4 Qa7 36. b5 Nh4 37. Qf1 Qc5 38. Nb2 Qe3 39. Na4 Be7 40. Bd2 Qb3+ 41. Ke1 Qxa4 42. b6 gxf3 43. gxf3 Rxe2+ 44. Qxe2 Qd4 45. Rf1 Qxb6 46. Rc6 Qa7 47. Qf2 Nc7 48. Qxa7 Rxa7 49. Ke2 Nb5 50. Kd3 Nd4 51. Rb6 Nhxf3 52. Ra1 Kf7 53. Rb7 Ra8 54. a7 g4 55. Rb8 Rxa7 56. Rxa7 Kf6 57. Rbb7 Bd8 58. Rd7 Nb3 59. Bb4 Ba5 60. Rxd6+ Kg5 61. Bxa5 Nxa5 62. Rxa5 g3 63. Ra1 g2 64. Rd8 1-0

[Event "EYCC Girls-U16 2019"]
[Site "Bratislava"]
[Date "2019.08.08"]
[Round "7.22"]
[White "Muedder, Melanie"]
[Black "Ciolacu, Alessia-Mihaela"]
[Result "0-1"]
[ECO "B15"]
[WhiteElo "1905"]
[BlackElo "2199"]
[Annotator "NA"]
[PlyCount "74"]
[EventDate "2019.08.02"]
[EventType "swiss"]
[EventCountry "SVK"]
[SourceTitle "playchess.com"]
[Source "ChessBase"]
[SourceQuality "1"]
[TimeControl "40/5400+30:1800+30"]

1. e4 c6 2. d4 d5 3. Nc3 dxe4 4. Nxe4 Nf6 5. Nxf6+ exf6 6. Bc4 Be7 7. Ne2 O-O 8. O-O Nd7 9. Ng3 Nb6 10. Bd3 g6 11. c3 Re8 12. Qf3 Be6 13. b3 Nd5 14. Bb2 f5 15. Rad1 f4 16. Ne2 Qc8 17. h3 g5 18. Bb1 Bf5 19. c4 Nf6 20. d5 cxd5 21. cxd5 Bxb1 22. Rxb1 Qf5 23. Nc3 Rad8 24. Rfd1 Bd6 25. Rbc1 a6 26. a3 b5 27. b4 Be5 28. d6 Re6 29. d7 Rxd7 30. Rxd7 Nxd7 31. Rd1 Nf6 32. Qa8+ Kg7 33. Qf3 Qc2 34. Ba1 h5 35. Nd5 g4 36. hxg4 hxg4 37. Ne3 fxe3 0-1

[Event "EYCC Girls-U16 2019"]
[Site "Bratislava"]
[Date "2019.08.08"]
[Round "7.23"]
[White "Duran, Esma Doga"]
[Black "Maciulaityte, Barbora"]
[Result "1-0"]
[ECO "A50"]
[WhiteElo "2096"]
[BlackElo "1709"]
[Annotator "NA"]
[PlyCount "73"]
[EventDate "2019.08.02"]
[EventType "swiss"]
[EventCountry "SVK"]
[SourceTitle "playchess.com"]
[Source "ChessBase"]
[SourceQuality "1"]
[TimeControl "40/5400+30:1800+30"]

1. d4 Nf6 2. c4 g6 3. h4 Bg7 4. Nc3 d5 5. h5 c6 6. h6 Bf8 7. Bg5 Nbd7 8. cxd5 Nxd5 9. e4 Nxc3 10. bxc3 Qa5 11. Qd2 Nb6 12. Rb1 Bd7 13. c4 Qxd2+ 14. Bxd2 Bc8 15. Nf3 e6 16. Bc3 Rg8 17. d5 cxd5 18. Ng5 Nd7 19. Nxh7 e5 20. Bxe5 Bxh6 21. Rxh6 Nxe5 22. Nf6+ Kf8 23. Nxg8 Kxg8 24. cxd5 b6 25. Rc1 Bd7 26. Rc7 Ba4 27. f4 Ng4 28. Rh4 Nf6 29. d6 Ne8 30. Rc4 Bd7 31. e5 Rd8 32. g3 Be6 33. Rc2 a5 34. Bh3 Bxh3 35. Rxh3 Kg7 36. g4 Kg8 37. Rch2 1-0

[Event "EYCC Girls-U16 2019"]
[Site "Bratislava"]
[Date "2019.08.08"]
[Round "7.24"]
[White "Sleurs, Juliette"]
[Black "Ilyina, Lada"]
[Result "1/2-1/2"]
[ECO "C00"]
[WhiteElo "1834"]
[BlackElo "2048"]
[Annotator "NA"]
[PlyCount "72"]
[EventDate "2019.08.02"]
[EventType "swiss"]
[EventCountry "SVK"]
[SourceTitle "playchess.com"]
[Source "ChessBase"]
[SourceQuality "1"]
[TimeControl "40/5400+30:1800+30"]

1. e4 e6 2. d3 d5 3. Nd2 Nf6 4. Ngf3 c5 5. g3 Nc6 6. Bg2 Be7 7. O-O b6 8. Re1 Bb7 9. e5 Nd7 10. c4 d4 11. Ne4 Ncxe5 12. Nxe5 Nxe5 13. Nxc5 Bxg2 14. Kxg2 bxc5 15. Rxe5 Qc7 16. Re4 O-O 17. b3 Qc6 18. Qf3 a5 19. Rb1 Rfd8 20. Re2 Qxf3+ 21. Kxf3 Rdb8 22. Reb2 Bd6 23. Bd2 f5 24. a3 Kf7 25. b4 axb4 26. axb4 cxb4 27. Bxb4 Bxb4 28. Rxb4 Rxb4 29. Rxb4 Ra3 30. Rb7+ Kf6 31. Rd7 e5 32. Ke2 Ra2+ 33. Ke1 h6 34. h4 Ra1+ 35. Ke2 Ra2+ 36. Ke1 Ra1+ 1/2-1/2

[Event "EYCC Girls-U16 2019"]
[Site "Bratislava"]
[Date "2019.08.09"]
[Round "8.1"]
[White "Mkrtchyan, Mariam"]
[Black "Waszczuk, Patrycja"]
[Result "0-1"]
[ECO "A45"]
[WhiteElo "1981"]
[BlackElo "2119"]
[Annotator "NA"]
[PlyCount "62"]
[EventDate "2019.08.02"]
[EventType "swiss"]
[EventCountry "SVK"]
[SourceTitle "playchess.com"]
[Source "ChessBase"]
[SourceQuality "1"]
[TimeControl "40/5400+30:1800+30"]

1. d4 Nf6 2. Bg5 e6 3. e4 h6 4. Bxf6 Qxf6 5. c3 d6 6. Bd3 Nd7 7. Ne2 g6 8. O-O Bg7 9. f4 O-O 10. Nd2 Qd8 11. e5 dxe5 12. dxe5 Nxe5 13. Be4 Ng4 14. Nc4 Qe7 15. b4 a5 16. a3 e5 17. h3 exf4 18. hxg4 axb4 19. Bd5 Bxg4 20. Rf2 Rfd8 21. Ra2 c6 22. Nb6 Rab8 23. axb4 cxd5 24. Nxd5 Qg5 25. Rd2 Be5 26. c4 f3 27. Nd4 fxg2 28. Qb1 Qh4 29. Rxg2 Re8 30. Nc2 Bf3 31. Rgf2 Qh1# 0-1

[Event "EYCC Girls-U16 2019"]
[Site "Bratislava"]
[Date "2019.08.09"]
[Round "8.2"]
[White "Loskutova, Viktoriya"]
[Black "Krasteva, Beloslava"]
[Result "1/2-1/2"]
[ECO "A36"]
[WhiteElo "2019"]
[BlackElo "2327"]
[Annotator "NA"]
[PlyCount "108"]
[EventDate "2019.08.02"]
[EventType "swiss"]
[EventCountry "SVK"]
[SourceTitle "playchess.com"]
[Source "ChessBase"]
[SourceQuality "1"]
[TimeControl "40/5400+30:1800+30"]

1. c4 c5 2. Nc3 Nc6 3. g3 g6 4. Bg2 Bg7 5. b3 e6 6. Ba3 d6 7. e3 Nge7 8. Nge2 O-O 9. O-O a6 10. d4 cxd4 11. exd4 Nf5 12. d5 Ncd4 13. Nxd4 Bxd4 14. Rc1 Qa5 15. Nb1 e5 16. Qd2 Qb6 17. Kh1 Qd8 18. Nc3 Ng7 19. Ne4 Ne8 20. c5 dxc5 21. Nxc5 Nd6 22. Bb2 Bxb2 23. Qxb2 f6 24. f4 exf4 25. Rxf4 Qe7 26. Ne4 Nxe4 27. Rxe4 Qd6 28. Rce1 Bf5 29. Re7 b6 30. Qc1 Rf7 31. Rxf7 Kxf7 32. Qh6 Kg8 33. Kg1 Rc8 34. Qe3 Kf7 35. Qe2 a5 36. Qe3 Bd7 37. Qh6 Kg8 38. Qd2 Qc5+ 39. Qf2 Qxf2+ 40. Kxf2 Rc2+ 41. Re2 Rxe2+ 42. Kxe2 Kf7 43. Ke3 Ke7 44. Kd4 Kd6 45. a3 g5 46. h3 h6 47. h4 Bg4 48. Bh1 Bd1 49. b4 axb4 50. axb4 f5 51. Bg2 Bh5 52. Bh1 Be2 53. Bg2 Bh5 54. Bh1 Be2 1/2-1/2

[Event "EYCC Girls-U16 2019"]
[Site "Bratislava"]
[Date "2019.08.09"]
[Round "8.3"]
[White "Lehaci, Miruna-Daria"]
[Black "Getman, Tatyana"]
[Result "0-1"]
[ECO "B90"]
[WhiteElo "2201"]
[BlackElo "2143"]
[Annotator "NA"]
[PlyCount "84"]
[EventDate "2019.08.02"]
[EventType "swiss"]
[EventCountry "SVK"]
[SourceTitle "playchess.com"]
[Source "ChessBase"]
[SourceQuality "1"]
[TimeControl "40/5400+30:1800+30"]

1. e4 c5 2. Nf3 d6 3. d4 cxd4 4. Nxd4 Nf6 5. Nc3 a6 6. Be3 e5 7. Nb3 Be6 8. f3 h5 9. Qd2 Nbd7 10. Nd5 Bxd5 11. exd5 g6 12. c4 Bg7 13. Be2 O-O 14. O-O e4 15. Bd4 exf3 16. gxf3 Re8 17. Rae1 Ne5 18. f4 Neg4 19. Bd3 Rxe1 20. Qxe1 Nd7 21. h3 Bxd4+ 22. Nxd4 Qf6 23. Nf3 Nh6 24. Qd2 Nf5 25. Re1 Nd4 26. Be4 Nxf3+ 27. Bxf3 b5 28. cxb5 axb5 29. b3 Nc5 30. Bg2 Kh7 31. Kh1 Qh4 32. Rf1 Re8 33. Qb4 Ne4 34. Qxb5 Ng3+ 35. Kg1 Ne2+ 36. Kh2 Re3 37. Qd7 Kh6 38. Qc8 Kg7 39. Qd7 Qg3+ 40. Kh1 Nxf4 41. Rg1 Re1 42. Qa7 Qxg2# 0-1

[Event "EYCC Girls-U16 2019"]
[Site "Bratislava"]
[Date "2019.08.09"]
[Round "8.4"]
[White "Malicka, Maria"]
[Black "Donghvani, Nia"]
[Result "1-0"]
[ECO "B41"]
[WhiteElo "2115"]
[BlackElo "1864"]
[Annotator "NA"]
[PlyCount "83"]
[EventDate "2019.08.02"]
[EventType "swiss"]
[EventCountry "SVK"]
[SourceTitle "playchess.com"]
[Source "ChessBase"]
[SourceQuality "1"]
[TimeControl "40/5400+30:1800+30"]

1. e4 c5 2. Nf3 e6 3. d4 cxd4 4. Nxd4 a6 5. c4 Nf6 6. Nc3 Qc7 7. Be2 Bb4 8. O-O O-O 9. Bg5 Bxc3 10. Bxf6 Bb4 11. Bg5 Nc6 12. Be3 Be7 13. Nxc6 dxc6 14. c5 f5 15. exf5 exf5 16. Qb3+ Kh8 17. f4 Bf6 18. Rfe1 Bd7 19. Rad1 Rae8 20. Bf3 Be6 21. Qc2 Qf7 22. b3 a5 23. Bf2 h6 24. Rd6 a4 25. bxa4 Bxa2 26. Rxe8 Rxe8 27. Qd3 Be6 28. a5 Be7 29. Bd4 Bxd6 30. cxd6 Bc4 31. Qc3 Rc8 32. h3 Ba6 33. Kh2 Rd8 34. Be5 Rd7 35. Bd1 Qc4 36. Qc2 Qd3 37. Qxd3 Bxd3 38. Bb3 c5 39. Ba4 Rd8 40. d7 c4 41. Bc7 Bc2 42. Bb5 1-0

[Event "EYCC Girls-U16 2019"]
[Site "Bratislava"]
[Date "2019.08.09"]
[Round "8.5"]
[White "Juhasz, Judit"]
[Black "Kuhar, Larisa"]
[Result "1-0"]
[ECO "B90"]
[WhiteElo "2050"]
[BlackElo "1894"]
[Annotator "NA"]
[PlyCount "123"]
[EventDate "2019.08.02"]
[EventType "swiss"]
[EventCountry "SVK"]
[SourceTitle "playchess.com"]
[Source "ChessBase"]
[SourceQuality "1"]
[TimeControl "40/5400+30:1800+30"]

1. e4 c5 2. Nf3 d6 3. d4 cxd4 4. Nxd4 Nf6 5. Nc3 a6 6. Be3 e5 7. Nb3 Be6 8. f3 h5 9. h4 Be7 10. Qd2 Nbd7 11. O-O-O Rc8 12. Kb1 Qc7 13. Qf2 b5 14. Nd5 Bxd5 15. exd5 Bd8 16. Rd2 Qb7 17. Bg5 Bb6 18. Qe1 O-O 19. Bd3 Rfe8 20. Bf5 Rc4 21. Qg3 g6 22. Re1 Kh7 23. Bd3 Rcc8 24. Qh3 Bd8 25. Be4 a5 26. Rf2 a4 27. Nc1 Bb6 28. Rff1 Qc7 29. Re2 Bd4 30. c3 Bb6 31. a3 Ba5 32. Rc2 Qc4 33. Bd3 Qxd5 34. g4 Qb7 35. gxh5 Nxh5 36. Bf5 Rc7 37. Bg4 Ndf6 38. Bxf6 Nxf6 39. h5 Kg7 40. hxg6 Rh8 41. Qg3 fxg6 42. Bf5 Rh6 43. Rff2 Nh5 44. Qg5 Rf7 45. Bxg6 Rxg6 46. Qxh5 Qe7 47. Rh2 Kf6 48. f4 Rfg7 49. fxe5+ dxe5 50. Rhf2+ Ke6 51. Rcd2 Qg5 52. Qh3+ Qg4 53. Qd3 Ke7 54. Qxb5 Bc7 55. Nd3 e4 56. Ne5 Qg1+ 57. Ka2 Rd6 58. Rxd6 Kxd6 59. Qc6+ Kxe5 60. Qf6+ Kd5 61. Rf5+ Kc4 62. Qa6# 1-0

[Event "EYCC Girls-U16 2019"]
[Site "Bratislava"]
[Date "2019.08.09"]
[Round "8.6"]
[White "Dylag, Emilia"]
[Black "Sade, Defne"]
[Result "1-0"]
[ECO "A06"]
[WhiteElo "2099"]
[BlackElo "1897"]
[Annotator "NA"]
[PlyCount "77"]
[EventDate "2019.08.02"]
[EventType "swiss"]
[EventCountry "SVK"]
[SourceTitle "playchess.com"]
[Source "ChessBase"]
[SourceQuality "1"]
[TimeControl "40/5400+30:1800+30"]

1. Nf3 d5 2. g3 Nf6 3. Bg2 Bf5 4. O-O h6 5. d3 c6 6. c4 e6 7. Nc3 Bd6 8. cxd5 exd5 9. e4 d4 10. Nxd4 Bg4 11. Nde2 O-O 12. Be3 Qc8 13. f3 Bh3 14. d4 Bxg2 15. Kxg2 Rd8 16. Qb3 Bf8 17. Rac1 Qd7 18. Rfd1 Na6 19. a3 Nh7 20. d5 c5 21. e5 Qf5 22. Qxb7 Qxe5 23. Bf4 Qf6 24. d6 g5 25. Ne4 Qe6 26. Qxa6 gxf4 27. Nxf4 Qb3 28. Rd2 Ng5 29. Rc3 Qb8 30. Nf6+ Kh8 31. d7 Bg7 32. Re3 Rf8 33. Re8 Qb3 34. Qc6 Rd8 35. Rxf8+ Bxf8 36. N6h5 Bg7 37. Nxg7 Kxg7 38. Nh5+ Kg8 39. Qf6 1-0